 Dungeon Sprint DCSS version 0.18-a0-1358-gd0e7041 (webtiles) character file.

480864 Reinor the End of an Era (level 20, 170/197 HPs)
             Began as a Formicid Fighter on Feb 20, 2016.
             Was the Champion of Qazlal.
             Escaped with the Orb!
             The game lasted 00:43:25 (2336 turns).

Reinor the End of an Era (Formicid Fighter)         Turns: 2336, Time: 00:43:26

Health: 170/197    AC: 43    Str: 38    XL:     20   Next: 56%
Magic:  37/37      EV: 22    Int: 10    God:    Qazlal [******]
Gold:   3          SH: 47    Dex: 16    Spells: 3 memorised, 7 levels left

rFire  + + +     SeeInvis +     T - +8 frozen axe "Frostbite" {freezing cloud, *Noise +Fly rC+}
rCold  + . .     Gourm    .     K - +15 Maxwell's patent armour {-Cast -Tele rElec MR+ rCorr}
rNeg   + . .     Faith    .     L - +18 shield of the gong {rElec rN+ MR+ EV-5}
rPois  +         Spirit   .     (helmet unavailable)
rElec  +         Dismiss  +     Y - +2 cloak {rPois}
rCorr  +         Reflect  .     (no gloves)
SustAt .         Harm     .     W - +0 pair of boots "Fumiec" {Dex+4} (curse)
MR     ++++.     NoCast   +     R - amulet "Elat" {Dismiss *Corrode rPois rF+++ Stlth+}
Stlth  ..........               I - +6 ring of strength
                                H - +6 ring of strength

@: repel missiles, incredibly resistant to hostile enchantments, extremely
unstealthy
A: permanent stasis, dig shafts and tunnels, four strong arms, antennae 3
a: Dig, Upheaval, Elemental Force, Disaster Area, Renounce Religion, Evoke
Flight
0: Orb of Zot


You escaped.
You worshipped Qazlal.
Qazlal was exalted by your worship.
You were not hungry.

You visited 1 branch You collected 9 gold pieces.

Inventory:

Hand Weapons
 a - a +9 executioner's axe of draining
 T - the +8 frozen axe "Frostbite" (weapon) {freezing cloud, *Noise +Fly rC+}
   (You found it in the Dungeon)

   It has been specially enchanted to freeze those struck by it, causing extra
   injury to most foes and up to half again as much damage against particularly
   susceptible opponents.
   It can also slow down cold-blooded creatures.
   It protects you from cold.
   It lets you fly.
   It may make noises in combat.
Armour
 K - the +15 Maxwell's patent armour (worn) {-Cast -Tele rElec MR+ rCorr}
   (You found it in the Dungeon)

   It insulates you from electricity.
   It affects your resistance to hostile enchantments.
   It prevents spellcasting.
   It prevents most forms of teleportation.
   It protects you from acid and corrosion.
 L - the +18 shield of the gong (worn) {rElec rN+ MR+ EV-5}
   (You found it in the Dungeon)

   It affects your evasion (-5).
   It insulates you from electricity.
   It protects you from negative energy.
   It affects your resistance to hostile enchantments.
 N - a +12 gold dragon armour
 W - the cursed +0 pair of boots "Fumiec" (worn) {Dex+4}
   (You found it in the Dungeon)

   It affects your dexterity (+4).
   It has a curse placed upon it.
 Y - a +2 cloak of poison resistance (worn)
Rods
 A - a +3 rod of clouds (11/11)
   (You took it off a merfolk aquamancer in the Dungeon)
 X - a +8 rod of clouds (13/13)
   (You found it in the Dungeon)
 Z - a +5 rod of clouds (13/13)
   (You took it off a merfolk aquamancer in the Dungeon)
Jewellery
 b - the ring of the Ban {rF+ Int+3 Dex+4 SInv}
   (You found it in the Dungeon)

   [ring of intelligence]

   It affects your intelligence (+3).
   It affects your dexterity (+4).
   It protects you from fire.
   It lets you see invisible.
 c - an uncursed amulet of regeneration
 j - the ring "Tiat" {rPois rF+++ rC- rN+ MR+}
   (You took it off a deep elf mage in the Dungeon)

   [ring of positive energy]

   It renders you almost immune to fire.
   It makes you vulnerable to cold.
   It protects you from poison.
   It protects you from negative energy.
   It affects your resistance to hostile enchantments.
 k - an uncursed ring of ice
 y - the ring of Altruism {EV+5 Str+2 Dex+3 Stlth+}
   (You found it in the Dungeon)

   [ring of evasion]

   It affects your evasion (+5).
   It affects your strength (+2).
   It affects your dexterity (+3).
   It makes you more stealthy.
 B - a +4 ring of protection
 C - a +4 ring of slaying
 D - a +3 amulet of reflection
 E - the amulet of the Townfolk {Harm *Drain rPois rC+ MP+9 Int-3}
   (You found it in the Dungeon)

   [amulet of harm]

   It increases damage dealt and taken.
   It affects your intelligence (-3).
   It protects you from cold.
   It protects you from poison.
   It affects your magic capacity (+9).
 F - the ring of Reimbursement {-Tele Int+5 Stlth+}
   (You took it off a siren in the Dungeon)

   [ring of stealth]

   It affects your intelligence (+5).
   It prevents most forms of teleportation.
   It makes you more stealthy.
 H - a +6 ring of strength (left hand)
 I - a +6 ring of strength (right hand)
 J - an uncursed ring of protection from cold
 M - the ring "Kyonab" {+Inv rElec Slay+2 Stlth-}
   (You found it in the Dungeon)

   [ring of loudness]

   It affects your accuracy and damage with ranged weapons and melee attacks
   (+2).
   It insulates you from electricity.
   It lets you turn invisible.
   It makes you less stealthy.
 P - the ring of the Seer {rPois rC+ rN+ MR+ Dex+3}
   (You took it off a red devil in the Dungeon)

   [ring of protection from magic]

   It affects your dexterity (+3).
   It protects you from cold.
   It protects you from poison.
   It protects you from negative energy.
   It affects your resistance to hostile enchantments.
 R - the amulet "Elat" (around neck) {Dismiss *Corrode rPois rF+++ Stlth+}
   (You took it off a wight in the Dungeon)

   [amulet of dismissal]

   It may teleport away creatures that harm you.
   It renders you almost immune to fire.
   It protects you from poison.
   It may corrode your equipment when you take damage.
   It makes you more stealthy.
 U - a +4 ring of strength
Scrolls
 h - a scroll of enchant armour
 q - 4 scrolls of amnesia
 r - 3 scrolls of recharging
 s - 8 scrolls of fog
 t - a scroll of holy word
 u - 5 scrolls of identify
 v - 4 scrolls of remove curse
 w - 2 scrolls of fear
Potions
 d - 7 potions of might
 e - 9 potions of curing
 g - 3 potions of heal wounds
 i - 7 potions of magic
 l - 2 potions of brilliance
 m - 2 potions of invisibility
 n - 4 potions of resistance
 p - 7 potions of agility
Books
 Q - a book of Geomancy

   Spells                             Type                      Level
   a - Sandblast                      Earth                        1
   b - Passwall                       Transmutation/Earth          2
   c - Stone Arrow                    Conjuration/Earth            3
   d - Petrify                        Transmutation/Earth          4
   e - Lee's Rapid Deconstruction     Earth                        5
 V - a book of Clouds

   Spells                             Type                      Level
   a - Mephitic Cloud                 Conjuration/Poison/Air       3
   b - Conjure Flame                  Conjuration/Fire             3
   c - Poisonous Cloud                Conjuration/Poison/Air       6
   d - Freezing Cloud                 Conjuration/Ice/Air          6
   e - Ring of Flames                 Charms/Fire                  7
Miscellaneous
 S - an ornate deck of defence {drawn: 1}
Comestibles
 f - 5 bread rations
 x - 41 fruits
 z - 4 meat rations
 G - a royal jelly


   Skills:
 O Level 27 Fighting
 O Level 27 Axes
 + Level 26.9 Armour
 O Level 27 Dodging
 - Level 2.4 Stealth
 O Level 27 Shields
 + Level 0.0 Spellcasting
 O Level 27 Invocations
 - Level 7.0 Evocations


You had 7 spell levels left.
You knew the following spells:

 Your Spells              Type           Power        Failure   Level  Hunger
a - Conjure Flame         Conj/Fire      #.......     99%         3    ####...
b - Freezing Cloud        Conj/Ice/Air   #.........   100%        6    #######
c - Mephitic Cloud        Conj/Pois/Air  #.......     99%         3    ####...


Dungeon Overview and Level Annotations

Branches:
Dungeon (1/1)

Altars:
Ashenzari
Cheibriados
Dithmenos
Elyvilon
Fedhas
Gozag
Kikubaaqudgha
Makhleb
Nemelex Xobeh
Okawaru
Pakellas
Qazlal
Ru
Sif Muna
Trog
Vehumet
Xom
Yredelemnul
Zin
The Shining One
Beogh
Jiyva
Lugonu


Innate Abilities, Weirdness & Mutations

You are under a permanent stasis effect.
You can dig through walls and to a lower floor.
Your four strong arms can wield two-handed weapons with a shield.
You have a pair of large antennae on your head (SInv).


Message History

You see here a lamp of fire.
You see here a stone of tremors.
You see here a trident.
You see here a Young Poisoner's Handbook.
You see here a +2 cloak of magic resistance.
You see here a Young Poisoner's Handbook.
You see here a trident.
You see here a stone of tremors.
You see here a lamp of fire.
You see here a +5 rod of ignition (12/12).
You see here a +5 rod of ignition (12/12).
An exit appears before you!
Your surroundings seem different!
Found the Orb of Zot.
Found a staircase leading out of the dungeon.
You see here the Orb of Zot.
You pick up the Orb of Zot!
The Orb lets out a hideous shriek!
The lords of Pandemonium are not amused.
Beware!
Now all you have to do is get back out of the dungeon!
There is a staircase leading out of the dungeon here.
You have escaped!

.)[.[).)....▓.......).....▓...8©8
"...).§)....▓..▓.......▓..▓..))):
...§...)....▓.............▓.."§})
...)[.).....▓.≈.≈.........▓....§)
[.÷.))......▓.≈≈..........▓...)..
...|..)....)▓▓▓▓▓▓▓▓▓▓▓▓▓▓▓...†).
▓..)))..▓...▓8888888888888▓.)..).
▓▓.....▓▓▓..▓8..§........8▓..▓.((
▓.......▓...▓8..@.§......8▓.▓....
............▓8...........8▓......
...≈..≈.....▓8888888888888▓▓▓▓▓▓▓
▓▓▓▓▓▓▓▓▓▓▓▓▓▓▓▓▓▓▓▓▓▓▓▓▓▓▓▓▓▓▓▓▓
.....8©8........▓........8©8..}..
):)[§)))§[[.::).▓.:}}.:...".§.:..
.:.).§.).)...)[.▓..|)...§§§...)..
|..))..§))...)..▓."=[|.[§.)§.....
.)))).)).)).....▓....)......§))..


There were no monsters in sight!

Vanquished Creatures
  3 iron giants (D)
  A bone dragon (D)
  A pearl dragon (D)
  2 Hell Sentinels (D)
  3 acid blobs (D)
  5 deep elf blademasters (D)
  5 deep elf master archers (D)
  2 krakens (D)
  A pandemonium lord (D)
  6 azure jellies (D)
  Donald (D)
  2 draconian knights (D)
  8 deep elf sorcerers (D)
  Maud (D)
  6 daevas (D)
  A balrug (D)
  2 draconian scorchers (D)
  3 angels (D)
  A draconian shifter (D)
  4 draconian annihilators (D)
  14 reapers (D)
  7 ophanim (D)
  2 stone giants (D)
  2 draconian callers (D)
  4 green draconians (D)
  Nessos (D)
  2 apis (D)
  4 black draconians (D)
  7 white draconians (D)
  4 red draconians (D)
  8 deep elf annihilators (D)
  A deep elf demonologist (D)
  12 purple draconians (D)
  A yellow draconian (D)
  8 mottled draconians (D)
  A deep elf death mage (D)
  10 merfolk javelineers (D)
  8 merfolk impalers (D)
  10 death oozes (D)
  6 deep elf high priests (D)
  A great orb of eyes (D)
  An alligator snapping turtle (D)
  11 merfolk aquamancers (D)
  13 dancing weapons (D)
  Urug (D)
  A vampire mage (D)
  5 deep elf knights (D)
  2 iron golems (D)
  2 skeletal warriors (D)
  6 cherubim (D)
  2 sea snakes (D)
  2 flayed ghosts (D)
  19 deep elf magi (D)
  3 deep elf archers (D)
  A harpy (D)
  2 necromancers (D)
  An orc knight (D)
  3 shining eyes (D)
  A griffon (D)
  An orc sorcerer (D)
  A water nymph (D)
  4 cyclopes (D)
  2 hornets (D)
  Maurice (D)
  3 manticores (D)
  3 black mambas (D)
  3 sirens (D)
  8 rust devils (D)
  A naga mage (D)
  2 eyes of devastation (D)
  A spiny frog (D)
  5 hellions (D)
  3 komodo dragons (D)
  5 ice devils (D)
  A demonic crawler (D)
  2 red devils (D)
  5 tormentors (D)
  A fire drake (D)
  3 jumping spiders (D)
  8 merfolk (D)
  A wind drake (D)
  A large abomination (D)
  Grinder (D)
  3 snapping turtles (D)
  2 ushabtiu (D)
  2 blink frogs (D)
  13 slime creatures (D)
  7 flying skulls (D)
  An air elemental (D)
  Sigmund (D)
  5 yaks (D)
  4 water elementals (D)
  A tarantella (D)
  9 shadows (D)
  2 vampires (D)
  5 wraiths (D)
  A hog (shapeshifter) (D)
  4 golden eyes (D)
  2 basilisks (D)
  2 fire elementals (D)
  2 steam dragons (D)
  5 hippogriffs (D)
  A warg (D)
  6 hell hounds (D)
  Purgy (D)
  A porcupine (D)
  3 orc warriors (D)
  A wasp (D)
  6 necrophages (D)
  An eye of draining (D)
  4 ogres (D)
  2 phantoms (D)
  2 centaurs (D)
  2 crocodiles (D)
  A giant frog (D)
  An earth elemental (D)
  4 wights (D)
  A crimson imp (D)
  7 jellies (D)
  2 quasits (D)
  9 iron imps (D)
  Crazy Yiuf (D)
  Ijyb (D)
  2 sheep (D)
  4 mummies (D)
  A gnoll (D)
  2 river rats (D)
  3 adders (D)
  2 shadow imps (D)
  2 white imps (D)
  2 ufetubi (D)
  2 oozes (D)
  11 adder zombies (D)
  3 adder skeletons (D)
  2 ball pythons (D)
  9 bat skeletons (D)
  12 bat zombies (D)
  A ball python skeleton (D)
  A ball python zombie (D)
  3 giant cockroach zombies (D)
  2 giant gecko skeletons (D)
  4 giant gecko zombies (D)
  A jackal zombie (D)
  A quokka skeleton (D)
  3 quokka zombies (D)
  A tentacle (D)
  2 tentacle segments (D)
517 creatures vanquished.

Vanquished Creatures (collateral kills)
  A ghoul (D)
  2 vampire knights (D)
  A wolf spider (D)
  A jumping spider (D)
  A shadow (D)
  A swamp drake (D)
  An adder skeleton (D)
8 creatures vanquished.

Vanquished Creatures (others)
  An ooze (D)
  A bat zombie (D)
  16 tentacles (D)
  165 tentacle segments (D)
183 creatures vanquished.

Grand Total: 708 creatures vanquished

Notes
Turn   | Place    | Note
--------------------------------------------------------------
     0 | D        | Reinor the Formicid Fighter began the quest for the Orb.
     0 | D        | Reached XP level 1. HP: 18/18 MP: 1/1
     0 | D        | Found a roughly hewn altar of Beogh.
     0 | D        | Found a viscous altar of Jiyva.
     0 | D        | Found a corrupted altar of Lugonu.
     0 | D        | Found a white marble altar of Elyvilon.
     0 | D        | Found a sparkling altar of Nemelex Xobeh.
     0 | D        | Found a burning altar of Makhleb.
     0 | D        | Found an iron altar of Okawaru.
     0 | D        | Found a deep blue altar of Sif Muna.
     0 | D        | Found a radiant altar of Vehumet.
     0 | D        | Found a bloodstained altar of Trog.
     0 | D        | Found a shimmering altar of Xom.
    33 | D        | Became a worshipper of Qazlal Stormbringer
    67 | D        | Reached skill level 8 in Invocations
    67 | D        | Reached XP level 2. HP: 24/24 MP: 1/7
   134 | D        | Entered arena 1.
   141 | D        | Reached XP level 3. HP: 27/29 MP: 8/8
   149 | D        | Entered arena 2.
   149 | D        | Noticed a phantom
   152 | D        | Reached * piety under Qazlal
   152 | D        | Reached skill level 1 in Stealth
   154 | D        | Killed a phantom
   154 | D        | Reached XP level 4. HP: 30/35 MP: 10/10
   154 | D        | Reached XP level 5. HP: 35/41 MP: 11/11
   162 | D        | Entered arena 3.
   162 | D        | Noticed a fire drake
   162 | D        | Noticed a swamp drake
   162 | D        | Noticed a steam dragon
   162 | D        | Noticed a steam dragon
   166 | D        | Killed a fire drake
   166 | D        | Reached ** piety under Qazlal
   166 | D        | Reached skill level 5 in Axes
   166 | D        | Reached skill level 9 in Armour
   166 | D        | Reached XP level 6. HP: 38/47 MP: 12/12
   167 | D        | Killed a steam dragon
   167 | D        | Reached skill level 10 in Shields
   167 | D        | Reached XP level 7. HP: 36/52 MP: 13/13
   168 | D        | Reached skill level 10 in Armour
   170 | D        | Killed a steam dragon
   298 | D        | Entered arena 4.
   298 | D        | Noticed a large abomination
   303 | D        | Reached *** piety under Qazlal
   303 | D        | Killed a large abomination
   303 | D        | Reached skill level 5 in Fighting
   303 | D        | Reached skill level 10 in Invocations
   303 | D        | Reached XP level 8. HP: 46/63 MP: 15/15
   313 | D        | Entered arena 5.
   313 | D        | Noticed Ruesh the pandemonium lord
   314 | D        | Reached **** piety under Qazlal
   317 | D        | Reached skill level 11 in Armour
   339 | D        | Killed Ruesh the pandemonium lord
   339 | D        | Reached skill level 12 in Armour
   339 | D        | Reached XP level 9. HP: 53/75 MP: 15/18
   353 | D        | Identified the Collected Works on Confrontation (You found it in the Dungeon)
   436 | D        | Entered arena 6.
   436 | D        | Noticed a cyclops
   436 | D        | Noticed a merfolk
   441 | D        | Reached ***** piety under Qazlal
   441 | D        | Killed a merfolk
   442 | D        | Killed a cyclops
   442 | D        | Reached skill level 10 in Axes
   442 | D        | Reached skill level 13 in Armour
   442 | D        | Reached XP level 10. HP: 81/85 MP: 19/19
   455 | D        | Entered arena 7.
   463 | D        | Reached ****** piety under Qazlal
   464 | D        | Reached skill level 10 in Fighting
   479 | D        | Entered arena 8.
   479 | D        | Noticed a komodo dragon
   483 | D        | Killed a komodo dragon
   491 | D        | Got the amulet "Coublevu" {Reflect rC+ MR- SH+2 Stlth+}
   503 | D        | Entered arena 9.
   503 | D        | Noticed a deep elf archer
   503 | D        | Noticed a dire flail of venom
   503 | D        | Noticed an unseen horror
   503 | D        | Noticed a deep elf knight
   503 | D        | Noticed a war axe of electrocution
   503 | D        | Noticed a hand axe of flaming
   503 | D        | Noticed a deep elf mage
   503 | D        | an unseen horror changed into an eye of draining
   507 | D        | Killed a hand axe of flaming
   507 | D        | Reached skill level 14 in Armour
   508 | D        | Killed a war axe of electrocution
   508 | D        | Reached XP level 11. HP: 68/93 MP: 21/21
   511 | D        | Killed a dire flail of venom
   512 | D        | Killed a deep elf archer
   513 | D        | Killed a deep elf knight
   513 | D        | Reached skill level 15 in Armour
   513 | D        | Reached skill level 15 in Invocations
   515 | D        | Killed a deep elf mage
   520 | D        | Got the amulet of the Townfolk {Harm *Drain rPois rC+ MP+9 Int-3}
   542 | D        | Entered arena 10.
   563 | D        | Identified the Papyrus of Hexes (You found it in the Dungeon)
   577 | D        | Identified Lee's Reference Book on Ashen Combat Magic (You found it in the Dungeon)
   580 | D        | Entered arena 11.
   580 | D        | Noticed a hornet
   581 | D        | Noticed a hornet
   581 | D        | Noticed a wolf spider
   584 | D        | Reached skill level 16 in Invocations
   584 | D        | Reached skill level 15 in Axes
   586 | D        | Killed a hornet
   588 | D        | Killed a hornet
   588 | D        | Reached XP level 12. HP: 100/102 MP: 22/24
   613 | D        | Entered arena 12.
   613 | D        | Noticed Grinder
   613 | D        | Noticed Sigmund
   613 | D        | Noticed Ijyb
   613 | D        | Noticed Crazy Yiuf
   614 | D        | Noticed Purgy
   614 | D        | Noticed Nessos
   614 | D        | Noticed Donald
   614 | D        | Noticed Maurice
   614 | D        | Noticed Maud
   615 | D        | Noticed Urug
   616 | D        | Killed Ijyb
   617 | D        | Killed Sigmund
   617 | D        | Killed Crazy Yiuf
   617 | D        | Killed Purgy
   618 | D        | Killed Donald
   618 | D        | Reached skill level 17 in Invocations
   618 | D        | Killed Grinder
   618 | D        | Killed Maurice
   628 | D        | Killed Urug
   628 | D        | Killed Maud
   628 | D        | Reached skill level 18 in Invocations
   630 | D        | Killed Nessos
   651 | D        | Identified Dilohaju's Grimoire of Aid (You found it in the Dungeon)
   729 | D        | Entered arena 13.
   730 | D        | Noticed a ghoul
   739 | D        | Killed a ghoul
   746 | D        | Reached XP level 13. HP: 90/108 MP: 26/26
   767 | D        | Entered arena 14.
   768 | D        | Noticed a stone giant
   769 | D        | Noticed a stone giant
   771 | D        | Reached skill level 19 in Invocations
   779 | D        | Killed a stone giant
   786 | D        | Killed a stone giant
   820 | D        | Entered arena 15.
   820 | D        | Noticed a vampire knight
   820 | D        | Noticed a vampire knight
   829 | D        | Killed a vampire knight
   831 | D        | Killed a vampire knight
   831 | D        | Reached skill level 20 in Invocations
   852 | D        | Learned a level 3 spell: Conjure Flame
   874 | D        | Entered arena 16.
   897 | D        | Identified the Tome of Beguiling and Enhancements (You found it in the Dungeon)
   904 | D        | Got the ring "Duxtofuhum" {Fire Int+4 Dex+2 SInv}
   914 | D        | Entered arena 17.
   916 | D        | Noticed a balrug
   916 | D        | Noticed a reaper
   927 | D        | Killed a balrug
   927 | D        | Reached skill level 15 in Shields
   928 | D        | Reached skill level 15 in Fighting
   934 | D        | HP: 2/115 [reaper/scythe of protection (34)]
   939 | D        | Killed a reaper
   939 | D        | Reached skill level 21 in Invocations
  1020 | D        | Entered arena 18.
  1022 | D        | Noticed a bone dragon
  1023 | D        | Noticed a reaper
  1032 | D        | Reached XP level 14. HP: 49/123 MP: 28/28
  1033 | D        | HP: 6/123 [reaper/scythe of distortion (13)]
  1036 | D        | Killed a reaper
  1043 | D        | Killed a bone dragon
  1047 | D        | Got the amulet "Elat" {Dismiss *Corrode rPois rF+++ Stlth+}
  1051 | D        | Got the ring "Xicomp" {rF+ Dex+4}
  1065 | D        | Learned a level 6 spell: Freezing Cloud
  1069 | D        | Learned a level 3 spell: Mephitic Cloud
  1174 | D        | Entered arena 19.
  1178 | D        | Noticed an acid blob
  1178 | D        | Noticed an azure jelly
  1180 | D        | Killed an azure jelly
  1180 | D        | Killed an acid blob
  1198 | D        | Got the cursed +0 pair of boots "Fumiec" {Dex+4}
  1206 | D        | Got the amulet "Xisuorch" {Reflect Int+5 SH+2}
  1233 | D        | Entered arena 20.
  1236 | D        | Noticed an ophan
  1237 | D        | Noticed an angel
  1237 | D        | Noticed an ophan
  1237 | D        | Noticed an apis
  1237 | D        | Noticed a daeva
  1237 | D        | Noticed a daeva
  1237 | D        | Noticed an ophan
  1237 | D        | Noticed an ophan
  1238 | D        | Noticed an ophan
  1239 | D        | Noticed an ophan
  1239 | D        | Noticed an angel
  1239 | D        | Noticed an ophan
  1240 | D        | Killed an ophan
  1241 | D        | Noticed a daeva
  1241 | D        | Noticed a daeva
  1241 | D        | Noticed a pearl dragon
  1241 | D        | Killed an ophan
  1241 | D        | Killed an ophan
  1241 | D        | Killed a daeva
  1241 | D        | Reached XP level 15. HP: 106/136 MP: 13/29
  1242 | D        | Noticed an angel
  1242 | D        | Noticed a daeva
  1243 | D        | Noticed a daeva
  1243 | D        | Killed an angel
  1243 | D        | Killed a daeva
  1243 | D        | Killed a pearl dragon
  1243 | D        | Killed a daeva
  1243 | D        | Killed an angel
  1243 | D        | Reached skill level 22 in Shields
  1243 | D        | Killed a daeva
  1250 | D        | Killed a daeva
  1250 | D        | Killed a daeva
  1250 | D        | Reached skill level 5 in Evocations
  1266 | D        | Killed an angel
  1281 | D        | Got the amulet of Propriety {+Rage rElec}
  1339 | D        | Entered arena 21.
  1343 | D        | Noticed a deep elf blademaster
  1343 | D        | Noticed a deep elf sorcerer
  1343 | D        | Noticed a deep elf sorcerer
  1344 | D        | Noticed a deep elf master archer
  1345 | D        | Noticed a deep elf master archer
  1345 | D        | Noticed a deep elf blademaster
  1345 | D        | Noticed a deep elf sorcerer
  1347 | D        | Noticed a Shadow Fiend
  1347 | D        | Noticed a deep elf sorcerer
  1350 | D        | Killed a deep elf blademaster
  1350 | D        | Reached skill level 23 in Invocations
  1351 | D        | Reached XP level 16. HP: 41/152 MP: 22/31
  1351 | D        | Reached skill level 24 in Invocations
  1351 | D        | Killed a deep elf sorcerer
  1351 | D        | Killed a deep elf blademaster
  1351 | D        | Reached skill level 25 in Invocations
  1351 | D        | Killed a deep elf sorcerer
  1351 | D        | Killed a deep elf master archer
  1351 | D        | Reached skill level 26 in Invocations
  1351 | D        | Killed a deep elf sorcerer
  1351 | D        | Killed a deep elf master archer
  1351 | D        | Reached skill level 27 in Invocations
  1351 | D        | Killed a deep elf sorcerer
  1353 | D        | Reached skill level 5 in Dodging
  1367 | D        | Got the amulet of the Six Suns {Gourm *Contam rPois Dex+3 Stlth+}
  1676 | D        | Entered arena 22.
  1682 | D        | Noticed an azure jelly
  1682 | D        | Noticed an azure jelly
  1683 | D        | Noticed an azure jelly
  1683 | D        | Noticed an azure jelly
  1683 | D        | Noticed an acid blob
  1684 | D        | Noticed an azure jelly
  1684 | D        | Noticed an acid blob
  1686 | D        | Killed an acid blob
  1686 | D        | Killed an azure jelly
  1686 | D        | Killed an azure jelly
  1686 | D        | Reached skill level 10 in Dodging
  1686 | D        | Killed an azure jelly
  1686 | D        | Killed an acid blob
  1686 | D        | Reached XP level 17. HP: 158/158 MP: 34/34
  1721 | D        | Entered arena 23.
  1738 | D        | Got the ring of the Seer {rPois rC+ rN+ MR+ Dex+3}
  1796 | D        | Entered arena 24.
  1802 | D        | Noticed a deep elf blademaster
  1802 | D        | Noticed a deep elf master archer
  1803 | D        | Noticed a deep elf blademaster
  1804 | D        | Noticed a deep elf blademaster
  1804 | D        | Noticed a deep elf master archer
  1804 | D        | Noticed a deep elf master archer
  1806 | D        | Killed a deep elf master archer
  1806 | D        | Reached skill level 15 in Dodging
  1806 | D        | Killed a deep elf master archer
  1806 | D        | Killed a deep elf blademaster
  1806 | D        | Killed a deep elf master archer
  1806 | D        | Killed a deep elf blademaster
  1806 | D        | Reached XP level 18. HP: 134/166 MP: 35/35
  1814 | D        | Killed a deep elf blademaster
  1835 | D        | Got the ring "Kyonab" {+Inv rElec Slay+2 Stlth-}
  1893 | D        | Got the ring "Tiat" {rPois rF+++ rC- rN+ MR+}
  1913 | D        | Entered arena 25.
  1925 | D        | Reached skill level 27 in Shields
  1925 | D        | Reached skill level 27 in Axes
  1925 | D        | Reached XP level 19. HP: 172/172 MP: 36/36
  2016 | D        | Entered arena 26.
  2027 | D        | Noticed a Hell Sentinel
  2027 | D        | Noticed an iron giant
  2029 | D        | Noticed an iron giant
  2030 | D        | Killed a Hell Sentinel
  2030 | D        | Killed an iron giant
  2033 | D        | Noticed a Hell Sentinel
  2035 | D        | Killed an iron giant
  2040 | D        | Noticed an iron giant
  2046 | D        | Killed an iron giant
  2048 | D        | Killed a Hell Sentinel
  2053 | D        | Got the ring of Altruism {EV+5 Str+2 Dex+3 Stlth+}
  2077 | D        | Got the amulet "Irhes" {RegenMP MP+9 Stlth+}
  2102 | D        | Got the ring of the Ban {rF+ Int+3 Dex+4 SInv}
  2159 | D        | Entered arena 27.
  2174 | D        | Reached XP level 20. HP: 80/192 MP: 37/37
  2176 | D        | Reached skill level 27 in Dodging
  2176 | D        | Reached skill level 27 in Fighting
  2195 | D        | Got the amulet of Trepidation {Dismiss Int+3}
  2214 | D        | Got the ring of Reimbursement {-Tele Int+5 Stlth+}
  2331 | D        | Got the Orb of Zot
  2336 | D        | Escaped with the Orb!

Vault maps used:
D:        sprint_v

Action                   |  1- 3 |  4- 6 |  7- 9 | 10-12 | 13-15 | 16-18 | 19-21 || total
-------------------------+-------+-------+-------+-------+-------+-------+-------++-------
Melee: Broad axe         |    10 |     3 |    38 |    62 |    26 |       |       ||   139
       Executioner's axe |       |       |       |       |    71 |    14 |    49 ||   134
Invok: Upheaval          |       |       |       |     5 |     6 |       |     7 ||    18
       Elemental Force   |       |       |       |       |     1 |       |       ||     1
       Disaster Area     |       |       |       |       |     4 |     5 |     8 ||    17
Evoke: Deck              |       |       |       |       |     1 |       |       ||     1
  Use: Potion            |     1 |       |     1 |       |     8 |     1 |       ||    11
       Scroll            |       |       |       |       |     1 |    13 |     5 ||    19
 Stab: Confused          |       |       |       |       |       |       |     1 ||     1
  Eat: Chunk             |       |       |       |       |     1 |       |       ||     1
       Fruit             |       |       |       |       |     1 |       |       ||     1
       Royal jelly       |       |       |       |       |       |     1 |     1 ||     2
